Workbook

Sheet BDI
A1: COMPOSIÇÃO DO BDI - TCU 2622/2013
A2: Composição do BDI, intervalos admissíveis e fórmula de cálculo nos termos do Acórdão 2622/2013 do TCU.
A4: 1) DESPESAS FINANCEIRAS - ( 0,59% a 1,39%)
B6: 0.0059
I7: 1
A8: 2) RISCOS - ( 0,97% A 1,27%) | I8: 2
I9: 3
B10: 0.0097 | I10: 4
A13: 3) ADMINISTRAÇÃO CENTRAL - ( 3,00% a 5,50%)
B15: 0.045
A17: 4) LUCRO - 6,16% a 8,96%)
B19: 0.0652
A21: 5) SEGURO+GARANTIA - ( 0,80% a 1,00%)
B23: 0.01
A25: 6) IMPOSTOS
A26: COFINS | C26: 0.03 | D26: PIS | E26: 0.0065 | F26: ISS | G26: 0.03 | H26: ISS DO MUNICÍPIO
A27: CPRB | C27: 0.02
B28: BDI= | D28: =((1+B6)*(1+B10+B23+B15)*(1+B19))/(1-C26-E26-G26-C27)-1 -> 0.24883387
A29: Observação:
A30: Para o tipo de obra “Construção de Edifícios” enquadram-se: a construção e reforma de: edifícios, unidades habitacionais, escolas, hospitais, hotéis, restaurantes, armazéns e depósitos, edifícios para uso agropecuário, estações para trens e metropolitanos, estádios esportivos e quadras cobertas, instalações para embarque e desembarque de passageiros (em aeroportos, rodoviárias, portos, etc.), penitenciárias e presídios, a construção de edifícios industriais (fábricas, oficinas, galpões industriais, etc.), conforme classificação 4120-4 do CNAE 2.0. Também enquadram-se pórticos, mirantes e outros edifícios de finalidade turística. * Objetivo principal não enquadra CPRB.
A34: _____________________________________________________________
A36: EDIENEZ MÉRCIEN MENDES SILVA
A37: ENGENHEIRA CIVIL CREA MG 199.771/D

Sheet QCI
A1: QCI-QUADRO DE COMPOSIÇÃO DO INVESTIMENTO | H1: Nº DO CONTRATO 1026325-53
A2: AGENTE PROMOTOR/ PROPONENTE | C2: PREFEITURA MUNICIPAL DE LAGOA GRANDE | H2: EMPREENDIMENTO: VILA ESPORTIVA DA COHAB DE LAGOA GRANDE
A3: Nº DO ITEM | B3: DESCRIÇÃO | C3: UNID. | D3: QUANT. | E3: REPASSE | F3: CONTRAPARTIDA | H3: OUTRAS FONTES | I3: TOTAL | J3: INC. % | K3: =1-K4 -> 0
F4: FINANCEIRA | G4: FÍSICA | K4: 1
A5: 1 | B5: SERVIÇOS PRELIMINARES | C5: UNID. | D5: 1 | E5: =#REF!*QCI!$K$4 -> #REF! | F5: =#REF!*QCI!$K$3 -> #REF! | I5: =E5+F5 -> #REF! | J5: =(I5/$I$17)*100 -> #REF!
A6: 2 | B6: MOVIMENTO DE TERRAS | C6: UNID. | D6: 1 | E6: =#REF!*QCI!K4 -> #REF! | F6: =#REF!*QCI!K3 -> #REF! | I6: =E6+F6 -> #REF! | J6: =(I6/$I$17)*100 -> #REF!
A7: 3 | B7: INFRA-ESTRUTURA: FUNDAÇÕES | C7: UNID. | D7: 1 | E7: =#REF!*QCI!K4 -> #REF! | F7: =#REF!*QCI!K3 -> #REF! | I7: =E7+F7 -> #REF! | J7: =(I7/$I$17)*100 -> #REF!
A8: 4 | B8: SUPERESTRUTURA | C8: UNID. | D8: 1 | E8: =#REF!*QCI!K4 -> #REF! | F8: =K3*#REF! -> #REF! | I8: =E8+F8 -> #REF! | J8: =(I8/$I$17)*100 -> #REF!
A9: 5 | B9: CAMPO SOCIETY | C9: UNID. | D9: 1 | E9: =K4*#REF! -> #REF! | F9: =K3*#REF! -> #REF! | I9: =E9+F9 -> #REF! | J9: =(I9/$I$17)*100 -> #REF!
A10: 6 | B10: INSTALAÇÕES ELÉTRICAS | C10: UNID. | D10: 1 | E10: =K4*#REF! -> #REF! | F10: =K3*#REF! -> #REF! | I10: =E10+F10 -> #REF! | J10: =(I10/$I$17)*100 -> #REF!
A11: 7 | B11: PRAÇA | C11: UNID. | D11: 1 | E11: =K4*#REF! -> #REF! | F11: =K3*#REF! -> #REF! | I11: =E11+F11 -> #REF! | J11: =(I11/$I$17)*100 -> #REF!
A12: 8 | B12: INSTALAÇÕES ÁGUA FRIA | C12: UNID. | D12: 1 | E12: =K4*#REF! -> #REF! | F12: =K3*#REF! -> #REF! | I12: =E12+F12 -> #REF! | J12: =(I12/$I$17)*100 -> #REF!
A13: 9 | B13: INSTALAÇÕES DE ESGOTAMENTO SANITÁRIO | C13: UNID. | D13: 1 | E13: =K4*#REF! -> #REF! | F13: =K3*#REF! -> #REF! | I13: =E13+F13 -> #REF! | J13: =(I13/$I$17)*100 -> #REF!
A14: 10 | B14: PAISAGISMO | C14: UNID. | D14: 1 | E14: =K4*#REF! -> #REF! | F14: =K3*#REF! -> #REF! | I14: =E14+F14 -> #REF! | J14: =(I14/$I$17)*100 -> #REF!
A15: 11 | B15: SANITÁRIOS | C15: UNID. | D15: 1 | E15: =K4*#REF! -> #REF! | F15: =K3*#REF! -> #REF! | I15: =E15+F15 -> #REF! | J15: =(I15/$I$17)*100 -> #REF!
A16: 12 | B16: LIMPEZA DE OBRA | C16: UNID. | D16: 1 | E16: =K4*#REF! -> #REF! | F16: =K3*#REF! -> #REF! | I16: =E16+F16 -> #REF! | J16: =(I16/$I$17)*100 -> #REF!
A17: TOTAIS | E17: =SUM(E5:E16) -> #REF! | F17: =SUM(F5:F16) -> #REF! | I17: =SUM(I5:I16) -> #REF! | J17: =SUM(J5:J16) -> #REF!
A20: LAGOA GRANDE, 30 DE MAIO DE 2017. ________________________________________________ ____________________________________________________
A21: LOCAL E DATA ASSINATURA, SOB CARIMBO DO ENGENHEIRO ASSINATURA, SOB CARIMBO, DO RESP. LEGAL CONTRATADO

Sheet COMP. RAMPA
A1: COMPOSIÇÃO RAMPA
B2: Serviço: 100 | C2: RAMPA DE CONCRETO PARA REBAIXAMENTO DE CALÇADAS ESTREITAS, ESPESSURA 7 CM SOBRE LASTRO DE BRITA 5CM, TRECHO EM NÍVEL L X 1,5m, RAMPAS 1,80 X L , PARA MEIO-FIO DE 15CM. PISO TÁTIL ALERTA EMBUTIDO NO PISO DE CONCRETO. | E2: Unid. | F2: M²
A3: Tipo | B3: Código | C3: Descrição Básica | D3: Unid. | E3: Coef. | F3: R$ unit. | G3: R$ Total
A4: CN | B4: 93358 | C4: Escavação manual de valas | D4: m³ | E4: 0.22 | F4: 48.38 | G4: =ROUND(E4*F4,2) -> 10.64
A5: CN | B5: 72897 | C5: Carga manual de materiais diversos em caminhão basculante | D5: m³ | E5: 0.28 | F5: 16.52 | G5: =ROUND(E5*F5,2) -> 4.63
A6: CN | B6: 72900 | C6: Transporte em caminhão basculante materiais diversos DMT até 1Km | D6: m³ | E6: 0.28 | F6: 4.65 | G6: =ROUND(E6*F6,2) -> 1.3
A7: CN | B7: 94107 | C7: Latro com camada de brita e preparo de fundo | D7: m³ | E7: 0.05 | F7: 140.61 | G7: =ROUND(E7*F7,2) -> 7.03
A8: CN | B8: 94990 | C8: Execução de passeio (calçada) com concreto moldado in loco, feito em obra, acabamento convencional, não armado | D8: m³ | E8: 0.07 | F8: 459.47 | G8: =ROUND(E8*F8,2) -> 32.16
A9: IN | B9: 38135 | C9: Ladrilho hidráulico, *20 X 20* cm, e= 2 cm, tátil alerta, amarelo | D9: m² | E9: 0.1176 | F9: 38.25 | G9: =ROUND(E9*F9,2) -> 4.5
F10: R$/unid | G10: =SUM(G7:G9) -> 43.69
A11: _____________________________________________________________
A13: EDIENEZ MÉRCIEN MENDES SILVA
A14: ENGENHEIRA CIVIL CREA MG 199.771/D

Sheet MÉDIAS
A1: MÉDIAS DE VALORES DE ITENS
A2: FORNECIMENTO E INSTALAÇÃO DE GRAMA SINTÉTICA FIBRILADA 50MM, UTILIZANDO FITAS DE TAPE E COLAS BI COMPONENTE, COM DEMARCAÇÕES EM FAIXAS BRANCAS COM GRAMA SINTÉTICA E COLOCAÇÃO DE AMORTECEDORES DE IMPACTO COMPOSTO DE UMA CAMADA DE GRÂNULOS DE BORRACHA DE 0,8 A 2,0 MM
A3: EMPRESA | B3: CNPJ | C3: TELEFONE | D3: NOME CONTATO | E3: VALOR
A4: SPORTLINK | B4: 03.150.253/0001-30 | C4: 31-3275-2560 | D4: EDMAR | E4: 76915.6
A5: SO GRAMA | B5: 08.770.658/0001-94 | C5: 61-3032-5016 | D5: OHANNA | E5: 72800
A6: GRAMA SINTÉTICA BRASIL | B6: 16.710.597/0001-06 | C6: 51-3247-9153 | D6: JORGE | E6: 70087.6
D7: MÉDIA | E7: =(E6+E5+E4)/3 -> 73267.733
D8: MÉDIA/M² | E8: =E7/924 -> 79.294084
A9: _____________________________________________________________
A11: EDIENEZ MÉRCIEN MENDES SILVA
A12: ENGENHEIRA CIVIL CREA MG 199.771/D

Sheet CFF UBS VEREDAS
A1: =[1]PLANILHA!B2 -> PREFEITURA MUNICIPAL DE LAGOA GRANDE
A2: =[1]PLANILHA!E3 -> CNPJ: 23.097.454/0001-28
A3: =[1]PLANILHA!E5 -> RUA MANOEL CALANGO, 172 - CENTRO - LAGOA GRANDE - MG 38.755-000 - TEL: 34 3816 2900
A4: EXECUÇÃO DE UBS TIPO II BAIRRO VEREDAS EM LAGOA GRANDE - MG
A5: CRONOGRAMA FÍSICO FINANCEIRO
A6: ITEM | B6: DISCRIMINAÇÃO DOS SERVIÇOS | C6: VALOR | D6: INDICE | F6: 1º MÊS % | G6: 2º MÊS % | H6: 3º MÊS % | I6: 4º MÊS % | J6: 5º MÊS % | K6: 6º MÊS % | L6: 7º MÊS % | M6: 8º MÊS % | N6: TOTAL
A8: 1 | B8: SERVIÇOS PRELIMINARES | C8: 371921.42 | D8: =C8/$C$94 -> 0.13631402 | E8: FISICO% | F8: 20 | G8: 20 | H8: 10 | I8: 10 | J8: 10 | K8: 10 | L8: 10 | M8: 10 | N8: =SUM(F8:M8) -> 100
E9: FINANCEIRO | F9: =F8*$C$10/100 -> 74384.284 | G9: =G8*$C$10/100 -> 74384.284 | H9: =H8*$C$10/100 -> 37192.142 | I9: =I8*$C$10/100 -> 37192.142 | J9: =J8*$C$10/100 -> 37192.142 | K9: =K8*$C$10/100 -> 37192.142 | L9: =L8*$C$10/100 -> 37192.142 | M9: =M8*$C$10/100 -> 37192.142
B10: TOTAL ITEM | C10: =C8 -> 371921.42 | E10: ACUMULADO | F10: =F9 -> 74384.284 | G10: =F10+G9 -> 148768.57 | H10: =G10+H9 -> 185960.71 | I10: =H10+I9 -> 223152.85 | J10: =I10+J9 -> 260344.99 | K10: =J10+K9 -> 297537.14 | L10: =K10+L9 -> 334729.28 | M10: =L10+M9 -> 371921.42 | N10: =M10/C10 -> 1
A12: ITEM | B12: DISCRIMINAÇÃO DOS SERVIÇOS | C12: VALOR | D12: INDICE | F12: 1º MÊS % | G12: 2º MÊS % | H12: 3º MÊS % | I12: 4º MÊS % | J12: 5º MÊS % | K12: 6º MÊS % | L12: 7º MÊS % | M12: 8º MÊS % | N12: TOTAL
A14: 2 | B14: FUNDAÇÃO | C14: 266524.36 | D14: =C14/$C$94 -> 0.097684631 | E14: FISICO% | F14: 50 | G14: 50 | H14: 0 | I14: 0 | M14: 0 | N14: =SUM(F14:M14) -> 100
E15: FINANCEIRO | F15: =F14*$C$16/100 -> 133262.18 | G15: =G14*$C$16/100 -> 133262.18 | H15: =H14*$C$16/100 -> 0 | I15: =I14*$C$16/100 -> 0 | M15: =M14*$C$16/100 -> 0
B16: TOTAL ITEM | C16: =C14 -> 266524.36 | E16: ACUMULADO | F16: =F15 -> 133262.18 | G16: =F16+G15 -> 266524.36 | H16: =G16+H15 -> 266524.36 | I16: =H16+I15 -> 266524.36 | J16: =I16+J15 -> 266524.36 | K16: =J16+K15 -> 266524.36 | L16: =K16+L15 -> 266524.36 | M16: =L16+M15 -> 266524.36 | N16: =M16/C16 -> 1
A18: ITEM | B18: DISCRIMINAÇÃO DOS SERVIÇOS | C18: VALOR | D18: INDICE | F18: 1º MÊS % | G18: 2º MÊS % | H18: 3º MÊS % | I18: 4º MÊS % | J18: 5º MÊS % | K18: 6º MÊS % | L18: 7º MÊS % | M18: 8º MÊS % | N18: TOTAL
A20: 3 | B20: ESTRUTURA | C20: 413438.29 | D20: =C20/$C$94 -> 0.15153049 | E20: FISICO% | F20: 20 | G20: 25 | H20: 35 | I20: 20 | J20: 0 | M20: 0 | N20: =SUM(F20:M20) -> 100
E21: FINANCEIRO | F21: =F20*$C$22/100 -> 82687.658 | G21: =G20*$C$22/100 -> 103359.57 | H21: =H20*$C$22/100 -> 144703.4 | I21: =I20*$C$22/100 -> 82687.658 | J21: =J20*$C$22/100 -> 0 | K21: =K20*$C$22/100 -> 0 | L21: =L20*$C$22/100 -> 0 | M21: =M20*$C$22/100 -> 0
B22: TOTAL ITEM | C22: =C20 -> 413438.29 | E22: ACUMULADO | F22: =F21 -> 82687.658 | G22: =F22+G21 -> 186047.23 | H22: =G22+H21 -> 330750.63 | I22: =H22+I21 -> 413438.29 | J22: =I22+J21 -> 413438.29 | K22: =J22+K21 -> 413438.29 | L22: =K22+L21 -> 413438.29 | M22: =L22+M21 -> 413438.29 | N22: =M22/C22 -> 1
A25: ITEM | B25: DISCRIMINAÇÃO DOS SERVIÇOS | C25: VALOR | D25: INDICE | F25: 1º MÊS % | G25: 2º MÊS % | H25: 3º MÊS % | I25: 4º MÊS % | J25: 5º MÊS % | K25: 6º MÊS % | L25: 7º MÊS % | M25: 8º MÊS % | N25: TOTAL
A27: 4 | B27: ALVENARIA, VEDAÇÕES E DIVISÓRIAS | C27: 211095.35 | D27: =C27/$C$94 -> 0.07736918 | E27: FISICO% | F27: 0 | G27: 20 | H27: 50 | I27: 0 | J27: 30 | M27: 0 | N27: =SUM(F27:M27) -> 100
E28: FINANCEIRO | F28: =F27*$C$29/100 -> 0 | G28: =G27*$C$29/100 -> 42219.07 | H28: =H27*$C$29/100 -> 105547.68 | I28: =I27*$C$29/100 -> 0 | J28: =J27*$C$29/100 -> 63328.605 | M28: =M27*$C$22/100 -> 0
B29: TOTAL ITEM | C29: =C27 -> 211095.35 | E29: ACUMULADO | F29: =F28 -> 0 | G29: =F29+G28 -> 42219.07 | H29: =G29+H28 -> 147766.74 | I29: =H29+I28 -> 147766.74 | J29: =I29+J28 -> 211095.35 | K29: =J29+K28 -> 211095.35 | L29: =K29+L28 -> 211095.35 | M29: =L29+M28 -> 211095.35 | N29: =M29/C29 -> 1
A31: ITEM | B31: DISCRIMINAÇÃO DOS SERVIÇOS | C31: VALOR | D31: INDICE | F31: 1º MÊS % | G31: 2º MÊS % | H31: 3º MÊS % | I31: 4º MÊS % | J31: 5º MÊS % | K31: 6º MÊS % | L31: 7º MÊS % | M31: 8º MÊS % | N31: TOTAL
A33: 5 | B33: COBERTURA | C33: 136205.31 | D33: =C33/$C$94 -> 0.049921011 | E33: FISICO% | F33: 0 | G33: 0 | H33: 0 | I33: 50 | J33: 50 | M33: 0 | N33: =SUM(F33:M33) -> 100
E34: FINANCEIRO | F34: =F33*$C$22/100 -> 0 | G34: =G33*$C$35/100 -> 0 | H34: =H33*$C$35/100 -> 0 | I34: =I33*$C$35/100 -> 68102.655 | J34: =J33*$C$35/100 -> 68102.655 | K34: =K33*$C$35/100 -> 0 | L34: =L33*$C$35/100 -> 0 | M34: =M33*$C$35/100 -> 0
B35: TOTAL ITEM | C35: =C33 -> 136205.31 | E35: ACUMULADO | F35: =F34 -> 0 | G35: =F35+G34 -> 0 | H35: =G35+H34 -> 0 | I35: =H35+I34 -> 68102.655 | J35: =I35+J34 -> 136205.31 | K35: =J35+K34 -> 136205.31 | L35: =K35+L34 -> 136205.31 | M35: =L35+M34 -> 136205.31 | N35: =M35/C35 -> 1
A37: ITEM | B37: DISCRIMINAÇÃO DOS SERVIÇOS | C37: VALOR | D37: INDICE | F37: 1º MÊS % | G37: 2º MÊS % | H37: 3º MÊS % | I37: 4º MÊS % | J37: 5º MÊS % | K37: 6º MÊS % | L37: 7º MÊS % | M37: 8º MÊS % | N37: TOTAL
A39: 6 | B39: IMPERMEABILIZAÇÃO | C39: 15366.94 | D39: =C39/$C$94 -> 0.0056321826 | E39: FISICO% | F39: 0 | G39: 0 | H39: 100 | I39: 0 | M39: 0 | N39: =SUM(F39:M39) -> 100
E40: FINANCEIRO | F40: =F39*$C$41/100 -> 0 | G40: =G39*$C$41/100 -> 0 | H40: =H39*$C$41/100 -> 15366.94 | I40: =I39*$C$22/100 -> 0 | M40: =M39*$C$22/100 -> 0
B41: TOTAL ITEM | C41: =C39 -> 15366.94 | E41: ACUMULADO | F41: =F40 -> 0 | G41: =F41+G40 -> 0 | H41: =G41+H40 -> 15366.94 | I41: =H41+I40 -> 15366.94 | J41: =I41+J40 -> 15366.94 | K41: =J41+K40 -> 15366.94 | L41: =K41+L40 -> 15366.94 | M41: =L41+M40 -> 15366.94 | N41: =M41/C41 -> 1
A43: ITEM | B43: DISCRIMINAÇÃO DOS SERVIÇOS | C43: VALOR | D43: INDICE | F43: 1º MÊS % | G43: 2º MÊS % | H43: 3º MÊS % | I43: 4º MÊS % | J43: 5º MÊS % | K43: 6º MÊS % | L43: 7º MÊS % | M43: 8º MÊS % | N43: TOTAL
A45: 7 | B45: ESQUADRIAS | C45: 203448.94 | D45: =C45/$C$94 -> 0.074566672 | E45: FISICO% | F45: 0 | G45: 0 | H45: 0 | I45: 0 | J45: 0 | K45: 0 | L45: 50 | M45: 50 | N45: =SUM(F45:M45) -> 100
E46: FINANCEIRO | F46: =F45*$C$22/100 -> 0 | G46: =G45*$C$22/100 -> 0 | H46: =H45*$C$22/100 -> 0 | I46: =I45*$C$47/100 -> 0 | J46: =J45*$C$47/100 -> 0 | K46: =K45*$C$47/100 -> 0 | L46: =L45*$C$47/100 -> 101724.47 | M46: =M45*$C$47/100 -> 101724.47
B47: TOTAL ITEM | C47: =C45 -> 203448.94 | E47: ACUMULADO | F47: =F46 -> 0 | G47: =F47+G46 -> 0 | H47: =G47+H46 -> 0 | I47: =H47+I46 -> 0 | J47: =I47+J46 -> 0 | K47: =J47+K46 -> 0 | L47: =K47+L46 -> 101724.47 | M47: =L47+M46 -> 203448.94 | N47: =M47/C47 -> 1
A49: ITEM | B49: DISCRIMINAÇÃO DOS SERVIÇOS | C49: VALOR | D49: INDICE | F49: 1º MÊS % | G49: 2º MÊS % | H49: 3º MÊS % | I49: 4º MÊS % | J49: 5º MÊS % | K49: 6º MÊS % | L49: 7º MÊS % | M49: 8º MÊS % | N49: TOTAL
A51: 8 | B51: REVESTIMENTOS | C51: 323002.06 | D51: =C51/$C$94 -> 0.11838444 | E51: FISICO% | F51: 0 | G51: 0 | H51: 0 | I51: 0 | J51: 25 | K51: 50 | L51: 25 | M51: 0 | N51: =SUM(F51:M51) -> 100
E52: FINANCEIRO | F52: =F51*$C$53/100 -> 0 | G52: =G51*$C$53/100 -> 0 | H52: =H51*$C$53/100 -> 0 | I52: =I51*$C$53/100 -> 0 | J52: =J51*$C$53/100 -> 80750.515 | K52: =K51*$C$53/100 -> 161501.03 | L52: =L51*$C$53/100 -> 80750.515 | M52: =M51*$C$53/100 -> 0
B53: TOTAL ITEM | C53: =C51 -> 323002.06 | E53: ACUMULADO | F53: =F52 -> 0 | G53: =F53+G52 -> 0 | H53: =G53+H52 -> 0 | I53: =H53+I52 -> 0 | J53: =I53+J52 -> 80750.515 | K53: =J53+K52 -> 242251.54 | L53: =K53+L52 -> 323002.06 | M53: =L53+M52 -> 323002.06 | N53: =M53/C53 -> 1
A55: ITEM | B55: DISCRIMINAÇÃO DOS SERVIÇOS | C55: VALOR | D55: INDICE | F55: 1º MÊS % | G55: 2º MÊS % | H55: 3º MÊS % | I55: 4º MÊS % | J55: 5º MÊS % | K55: 6º MÊS % | L55: 7º MÊS % | M55: 8º MÊS % | N55: TOTAL
A57: 9 | B57: PINTURA | C57: 111976.09 | D57: =C57/$C$94 -> 0.041040688 | E57: FISICO% | F57: 0 | G57: 0 | H57: 0 | I57: 0 | J57: 0 | K57: 0 | L57: 50 | M57: 50 | N57: =SUM(F57:M57) -> 100
E58: FINANCEIRO | F58: =F57*$C$59/100 -> 0 | G58: =G57*$C$59/100 -> 0 | H58: =H57*$C$59/100 -> 0 | I58: =I57*$C$59/100 -> 0 | J58: =J57*$C$59/100 -> 0 | K58: =K57*$C$59/100 -> 0 | L58: =L57*$C$59/100 -> 55988.045 | M58: =M57*$C$59/100 -> 55988.045
B59: TOTAL ITEM | C59: =C57 -> 111976.09 | E59: ACUMULADO | F59: =F58 -> 0 | G59: =F59+G58 -> 0 | H59: =G59+H58 -> 0 | I59: =H59+I58 -> 0 | J59: =I59+J58 -> 0 | K59: =J59+K58 -> 0 | L59: =K59+L58 -> 55988.045 | M59: =L59+M58 -> 111976.09 | N59: =M59/C59 -> 1
A61: ITEM | B61: DISCRIMINAÇÃO DOS SERVIÇOS | C61: VALOR | D61: INDICE | F61: 1º MÊS % | G61: 2º MÊS % | H61: 3º MÊS % | I61: 4º MÊS % | J61: 5º MÊS % | K61: 6º MÊS % | L61: 7º MÊS % | M61: 8º MÊS % | N61: TOTAL
A63: 10 | B63: LOUÇAS, METAIS E ACESSÓRIOS | C63: 71005.32 | D63: =C63/$C$94 -> 0.02602437 | E63: FISICO% | F63: 0 | G63: 0 | H63: 0 | I63: 0 | J63: 0 | L63: 25 | M63: 75 | N63: =SUM(F63:M63) -> 100
E64: FINANCEIRO | F64: =F63*$C$22/100 -> 0 | G64: =G63*$C$65/100 -> 0 | H64: =H63*$C$65/100 -> 0 | I64: =I63*$C$65/100 -> 0 | J64: =J63*$C$65/100 -> 0 | K64: =K63*$C$65/100 -> 0 | L64: =L63*$C$65/100 -> 17751.33 | M64: =M63*$C$65/100 -> 53253.99
B65: TOTAL ITEM | C65: =C63 -> 71005.32 | E65: ACUMULADO | F65: =F64 -> 0 | G65: =F65+G64 -> 0 | H65: =G65+H64 -> 0 | I65: =H65+I64 -> 0 | J65: =I65+J64 -> 0 | K65: =J65+K64 -> 0 | L65: =K65+L64 -> 17751.33 | M65: =L65+M64 -> 71005.32 | N65: =M65/C65 -> 1
A67: ITEM | B67: DISCRIMINAÇÃO DOS SERVIÇOS | C67: VALOR | D67: INDICE | F67: 1º MÊS % | G67: 2º MÊS % | H67: 3º MÊS % | I67: 4º MÊS % | J67: 5º MÊS % | K67: 6º MÊS % | L67: 7º MÊS % | M67: 8º MÊS % | N67: TOTAL
A69: 11 | B69: REDE HIDRAÚLICA | C69: 160218.62 | D69: =C69/$C$94 -> 0.0587222 | E69: FISICO% | F69: 0 | G69: 0 | H69: 10 | I69: 10 | J69: 10 | K69: 20 | L69: 50 | M69: 0 | N69: =SUM(F69:M69) -> 100
E70: FINANCEIRO | F70: =F69*$C$71/100 -> 0 | G70: =G69*$C$71/100 -> 0 | H70: =H69*$C$71/100 -> 16021.862 | I70: =I69*$C$71/100 -> 16021.862 | J70: =J69*$C$71/100 -> 16021.862 | K70: =K69*$C$71/100 -> 32043.724 | L70: =L69*$C$71/100 -> 80109.31 | M70: =M69*$C$71/100 -> 0
B71: TOTAL ITEM | C71: =C69 -> 160218.62 | E71: ACUMULADO | F71: =F70 -> 0 | G71: =F71+G70 -> 0 | H71: =G71+H70 -> 16021.862 | I71: =H71+I70 -> 32043.724 | J71: =I71+J70 -> 48065.586 | K71: =J71+K70 -> 80109.31 | L71: =K71+L70 -> 160218.62 | M71: =L71+M70 -> 160218.62 | N71: =M71/C71 -> 1
A73: ITEM | B73: DISCRIMINAÇÃO DOS SERVIÇOS | C73: VALOR | D73: INDICE | F73: 1º MÊS % | G73: 2º MÊS % | H73: 3º MÊS % | I73: 4º MÊS % | J73: 5º MÊS % | K73: 6º MÊS % | L73: 7º MÊS % | M73: 8º MÊS % | N73: TOTAL
A75: 12 | B75: REDE ELÉTRICA | C75: 430037.24 | D75: =C75/$C$94 -> 0.15761422 | E75: FISICO% | F75: 0 | G75: 12.5 | H75: 12.5 | I75: 12.5 | J75: 12.5 | K75: 12.5 | L75: 12.5 | M75: 25 | N75: =SUM(F75:M75) -> 100
E76: FINANCEIRO | F76: =F75*$C$22/100 -> 0 | G76: =G75*$C$77/100 -> 53754.655 | H76: =H75*$C$77/100 -> 53754.655 | I76: =I75*$C$77/100 -> 53754.655 | J76: =J75*$C$77/100 -> 53754.655 | K76: =K75*$C$77/100 -> 53754.655 | L76: =L75*$C$77/100 -> 53754.655 | M76: =M75*$C$77/100 -> 107509.31
B77: TOTAL ITEM | C77: =C75 -> 430037.24 | E77: ACUMULADO | F77: =F76 -> 0 | G77: =F77+G76 -> 53754.655 | H77: =G77+H76 -> 107509.31 | I77: =H77+I76 -> 161263.96 | J77: =I77+J76 -> 215018.62 | K77: =J77+K76 -> 268773.28 | L77: =K77+L76 -> 322527.93 | M77: =L77+M76 -> 430037.24 | N77: =M77/C77 -> 1
A79: ITEM | B79: DISCRIMINAÇÃO DOS SERVIÇOS | C79: VALOR | D79: INDICE | F79: 1º MÊS % | G79: 2º MÊS % | H79: 3º MÊS % | I79: 4º MÊS % | J79: 5º MÊS % | K79: 6º MÊS % | L79: 7º MÊS % | M79: 8º MÊS % | N79: TOTAL
A81: 13 | B81: URBANIZAÇÃO | C81: 5390.83 | D81: =C81/$C$94 -> 0.001975809 | E81: FISICO% | F81: 0 | G81: 0 | H81: 0 | I81: 0 | M81: 100 | N81: =SUM(F81:M81) -> 100
E82: FINANCEIRO | F82: =F81*$C$83/100 -> 0 | G82: =G81*$C$83/100 -> 0 | H82: =H81*$C$83/100 -> 0 | I82: =I81*$C$83/100 -> 0 | J82: =J81*$C$83/100 -> 0 | K82: =K81*$C$83/100 -> 0 | L82: =L81*$C$83/100 -> 0 | M82: =M81*$C$83/100 -> 5390.83
B83: TOTAL ITEM | C83: =C81 -> 5390.83 | E83: ACUMULADO | F83: =F82 -> 0 | G83: =F83+G82 -> 0 | H83: =G83+H82 -> 0 | I83: =H83+I82 -> 0 | J83: =I83+J82 -> 0 | K83: =J83+K82 -> 0 | L83: =K83+L82 -> 0 | M83: =L83+M82 -> 5390.83 | N83: =M83/C83 -> 1
A86: ITEM | B86: DISCRIMINAÇÃO DOS SERVIÇOS | C86: VALOR | D86: INDICE | F86: 1º MÊS % | G86: 2º MÊS % | H86: 3º MÊS % | I86: 4º MÊS % | J86: 5º MÊS % | K86: 6º MÊS % | L86: 7º MÊS % | M86: 8º MÊS % | N86: TOTAL
A88: 14 | B88: SERVIÇOS FINAIS | C88: 8785.73 | D88: =C88/$C$94 -> 0.0032200839 | E88: FISICO% | F88: 0 | G88: 0 | H88: 0 | I88: 0 | J88: 0 | K88: 0 | L88: 0 | M88: 100 | N88: =SUM(F88:M88) -> 100
E89: FINANCEIRO | F89: =F88*$C$90/100 -> 0 | G89: =G88*$C$90/100 -> 0 | H89: =H88*$C$90/100 -> 0 | I89: =I88*$C$90/100 -> 0 | J89: =J88*$C$90/100 -> 0 | K89: =K88*$C$90/100 -> 0 | L89: =L88*$C$90/100 -> 0 | M89: =M88*$C$90/100 -> 8785.73
B90: TOTAL ITEM | C90: =C88 -> 8785.73 | E90: ACUMULADO | F90: =F89 -> 0 | G90: =F90+G89 -> 0 | H90: =G90+H89 -> 0 | I90: =H90+I89 -> 0 | J90: =I90+J89 -> 0 | K90: =J90+K89 -> 0 | L90: =K90+L89 -> 0 | M90: =L90+M89 -> 8785.73 | N90: =M90/C90 -> 1
C92: VALOR | D92: INDICE | E92: FISICO | F92: 1º MÊS % | G92: 2º MÊS % | H92: 3º MÊS% | I92: 4º MÊS% | J92: 5º MÊS% | K92: 6º MÊS% | L92: 7º MÊS% | M92: 8º MÊS% | N92: TOTAL
E93: FINANCEIRO | F93: =F9+F15+F21+F28+F34+F40+F46+F52+F58+F64+F70+F76+F82+F89 -> 290334.12 | G93: =G9+G15+G21+G28+G34+G40+G46+G52+G58+G64+G70+G76+G82+G89 -> 406979.76 | H93: =H9+H15+H21+H28+H34+H40+H46+H52+H58+H64+H70+H76+H82+H89 -> 372586.68 | I93: =I9+I15+I21+I28+I34+I40+I46+I52+I58+I64+I70+I76+I82+I89 -> 257758.97 | J93: =J9+J15+J21+J28+J34+J40+J46+J52+J58+J64+J70+J76+J82+J89 -> 319150.43 | K93: =K9+K15+K21+K28+K34+K40+K46+K52+K58+K64+K70+K76+K82+K89 -> 284491.55 | L93: =L9+L15+L21+L28+L34+L40+L46+L52+L58+L64+L76+L82+L89+L70 -> 427270.47 | M93: =M9+M15+M21+M28+M34+M40+M46+M52+M58+M64+M70+M76+M82+M89 -> 369844.52 | N93: =SUM(F93:M93) -> 2728416.5
B94: TOTAL GERAL | C94: 2728416.5 | D94: =C94/$C$94 -> 1 | E94: ACUMULADO | F94: =F93 -> 290334.12 | G94: =G93+F93 -> 697313.88 | H94: =H93+G93 -> 779566.44 | I94: =I93+H93 -> 630345.65 | J94: =J93+I93 -> 576909.41 | K94: =K93+J93 -> 603641.98 | L94: =L93+K93 -> 711762.02 | M94: =M93+L93 -> 797114.98 | N94: =C94 -> 2728416.5
A96: Lagoa Grande-MG, 14 de janeiro de 2025.
B98: =[1]PLANILHA!$B$112 -> EDIENEZ MÉRCIEN MENDES SILVA - ENG. CIVIL
B99: =[1]PLANILHA!$B$113 -> CREA MG 199.771/D
